 Dungeon Crawl Stone Soup version 0.24-a0-462-ge24419a6ad (webtiles) character file.

Game seed: 3915183975110059746

58762 Murumi the Blocker (level 15, -1/118 HPs)
             Began as a Formicid Fighter on July 1, 2019.
             Was a High Priest of Lugonu.
             Slain by a five-headed hydra (11 damage)
             ... on level 6 of the Lair of Beasts.
             The game lasted 01:20:02 (21180 turns).

Murumi the Blocker (Formicid Fighter)              Turns: 21180, Time: 01:20:03

Health: -1/118     AC: 17    Str: 24    XL:     15   Next: 31%
Magic:  20/20      EV:  9    Int:  7    God:    Lugonu [*****.]
Gold:   845        SH: 16    Dex: 13    Spells: 14/14 levels left

rFire    . . .     SeeInvis +   a - +11 triple sword "Jaots" {flame, rC+ MR+++ Int-4 SInv}
rCold    + . .     Gourm    .   c - +0 shield
rNeg     . . .     Faith    .   n - +1 plate armour
rPois    .         Spirit   .   (helmet unavailable)
rElec    .         Reflect  +   L - +0 cloak
rCorr    +         Harm     .   (no gloves)
MR       ++++.                  (no boots)
Stlth    ..........             k - +2 amulet of reflection
HPRegen  0.29/turn              M - +3 ring of dexterity
MPRegen  0.17/turn              s - ring of resist corrosion

@: lethally poisoned (-1 -> -1), very slightly contaminated, invisible
A: permanent stasis, dig shafts and tunnels, four strong arms, antennae 3
a: Dig, Shaft Self, Depart the Abyss, Bend Space, Banish, Corrupt, Enter the
Abyss, Renounce Religion


You were on level 6 of the Lair of Beasts.
You worshipped Lugonu.
Lugonu was extremely pleased with you.
You were not hungry.

You visited 3 branches of the dungeon, and saw 19 of its levels.
You also visited: Sewer.

You collected 971 gold pieces.
You spent 126 gold pieces at shops.

Inventory:

Hand Weapons
 a - the +11 triple sword "Jaots" (weapon) {flame, rC+ MR+++ Int-4 SInv}
   (You acquired it on level 8 of the Dungeon)

   It has been specially enchanted to burn those struck by it, causing extra
   injury to most foes and up to half again as much damage against particularly
   susceptible opponents.
   Big, fiery blades are also staple armaments of hydra-hunters.
   It affects your intelligence (-4).
   It protects you from cold.
   It affects your resistance to hostile enchantments.
   It lets you see invisible.
 f - a +0 arbalest
 A - a +3 great sword
Missiles
 b - 2 atropa-tipped darts (quivered)
 g - 52 bolts
 o - 4 throwing nets
 F - 31 poisoned darts
Armour
 c - a +0 shield (worn)
 n - a +1 plate armour (worn)
 E - a +0 large shield
 L - a +0 cloak (worn)
Jewellery
 k - a +2 amulet of reflection (around neck)
 q - an uncursed ring of poison resistance
 s - a ring of resist corrosion (right hand)
 M - a +3 ring of dexterity (left hand)
Wands
 y - a wand of random effects (5)
 D - a wand of acid (9)
 G - a wand of flame (39)
 H - a wand of iceblast (21)
 I - a wand of digging (15)
Scrolls
 h - 4 scrolls of fear
 l - 3 scrolls of enchant weapon
 m - 8 scrolls of remove curse
 p - 5 scrolls of identify
 x - a scroll of fog
 B - 2 scrolls of enchant armour
 K - a scroll of summoning
 N - a scroll of amnesia
Potions
 d - 3 potions of might
 i - 3 potions of agility
 j - 4 potions of resistance
 r - 4 potions of flight
 t - 6 potions of cancellation
 u - a potion of heal wounds
 v - a potion of magic
 w - 5 potions of curing
 z - 2 potions of brilliance
Comestibles
 e - 37 rations
 C - 4 chunks of flesh


   Skills:
 - Level 11.0 Fighting
 - Level 10.0 Long Blades
 + Level 10.3 Crossbows
 - Level 11.0 Armour
 - Level 4.0 Dodging
 - Level 14.1 Shields
 - Level 7.4 Invocations
 - Level 6.0 Evocations


You had 14 spell levels left.
You didn't know any spells.
Your spell library contained the following spells:

 Spells                   Type           Power        Failure   Level  Hunger
 Flame Tongue             Conj/Fire      #....        99%         1    ##.....
 Freeze                   Ice            #...         99%         1    ##.....
 Magic Dart               Conj           #...         99%         1    ##.....
 Call Imp                 Summ           #.......     100%        2    ###....
 Slow                     Hex            #.......     100%        2    ###....
 Throw Flame              Conj/Fire      #.....       100%        2    ###....
 Throw Frost              Conj/Ice       #.....       100%        2    ###....
 Conjure Flame            Conj/Fire      #.......     100%        3    ####...
 Inner Flame              Hex/Fire       #.......     100%        3    ####...
 Mephitic Cloud           Conj/Pois/Air  #.......     100%        3    ####...
 Ozocubu's Armour         Chrm/Ice       #.......     100%        3    ####...
 Sticky Flame             Conj/Fire      #.......     100%        4    #####..
 Summon Ice Beast         Ice/Summ       #.......     100%        4    #####..
 Throw Icicle             Conj/Ice       #.......     100%        4    #####..
 Fireball                 Conj/Fire      #.........   100%        5    ######.
 Blink                    Tloc           Unusable     N/A         2    N/A

Dungeon Overview and Level Annotations

Branches:
Dungeon (12/15)            Temple (1/1) D:4            Lair (6/6) D:9
  Swamp (0/4) Lair:4        Snake (0/4) Lair:4        Slime (0/5) Lair:6
    Orc (0/2) D:11

Altars:
Ashenzari
Cheibriados
Dithmenos
Elyvilon
Fedhas
Gozag
Hepliaklqana
Kikubaaqudgha
Makhleb
Nemelex Xobeh
Okawaru
Qazlal
Ru
Sif Muna
Trog
Uskayaw
Vehumet
Wu Jian
Xom
Yredelemnul
Zin
The Shining One
Lugonu

Shops:
D:7 *   D:8 *(*[


Innate Abilities, Weirdness & Mutations

You cannot be hasted, slowed, berserked, paralysed or teleported.
You can dig through walls and to a lower floor.
Your four strong arms can wield two-handed weapons with a shield.
You have a pair of large antennae on your head. (SInv)


Message History

You hear a howl!
You hear a bellow! x2; You hear an angry hiss.
You hear a bellow! x3
You slice the black mamba!! You burn the black mamba!
You kill the black mamba!
Lugonu accepts your kill. You block the wolf's attack.
You barely miss the wolf. The wolf bites you but does no damage.
A komodo dragon comes into view.
You strike the helpless six-headed hydra from behind!
You lop one of the six-headed hydra's heads off!
The flame cauterises the wound!
You slice the five-headed hydra!! You burn the five-headed hydra!
The five-headed hydra is severely wounded.
You feel sick.
The komodo dragon hisses angrily.
The five-headed hydra bites you but does no damage.
The five-headed hydra bites you.
* * * LOW HITPOINT WARNING * * *
The five-headed hydra bites you!
You die...

,,,,,***,,,,,,,,,,,,,,*,,,,,,,,,,
,,,,,,,**,,,,,,,,,,,,,,,**,,,*,,,
,,,,,,,*,***,,,,,{,{,,,******,,<,
,,,*,,,,,,**,,,{,,{..,,*****,,,,,
*,,,,,,,*,,*,,,,,.{..,,*,**,,,,*,
,,,,,,,,,,,,,,,,,.{..**,,*,,,,,**
,,,**,,,,,,,,,***,..##***,.,*,**
,,,,*,,,,,*****###...# *...#**,**
,,,,,,,,,,* #@##..###..(##(,,,
,,,,,,,,,,***####D#.......(..,.,,
,,,,,,,,,,,,##..{l....♣.....♣(,<,
,,,,,,*,,,.....[..t..+.......,,,,
,,,,,,,,,,.P.........##..((#*,,,,
,,,,,,,,,,...P...#.P...#.(.##*,,#
,,,,,,,,,,.............#†...##,#.
,,,*,,,,,,..............#....##.#
,,***,,,,,...........%†........♣.


You could see a five-headed hydra, a komodo dragon (wandering) and a crocodile.

Vanquished Creatures
  Gastronok (D:11)
  A stone giant (D:9)
  The ghost of Tuudo the Pandemonic, a journeyman DsFi of Makhleb (Lair:5)
  Harold (Lair:1)
  6 hydras
  A two-headed ogre (D:10)
  9 wizards (D:10)
  The ghost of hemabe the Charlatan, a novice HuAr of Trog (D:6)
  2 ugly things (D:11)
  An oklob plant (Lair:4)
  6 black mambas
  A gargoyle (D:11)
  6 spiny frogs
  A rime drake (Lair:3)
  7 komodo dragons
  9 blink frogs (Lair:2)
  2 hornets
  A meliai zombie (D:11)
  6 hippogriffs
  A vampire (D:11)
  12 yaks
  2 humans (D:8)
  3 vampire mosquitoes (Lair:4)
  A steam dragon (D:10)
  3 hungry ghosts
  5 insubstantial wisps (Lair:4)
  Menkaure (D:5)
  6 swamp worms (Lair:4)
  14 water moccasins
  2 porcupines (Lair:2)
  Purgy (Sewer)
  2 orc warriors
  4 sky beasts
  A black bear (D:11)
  2 phantoms
  An ice beast (D:11)
  4 ogres
  2 necrophages
  10 wolves
  A centaur (D:6)
  2 big kobolds
  14 crocodiles
  8 bullfrogs
  A wyvern zombie (D:9)
  2 wyvern skeletons
  4 scorpions
  10 killer bees
  19 wights
  An electric eel (Lair:2)
  2 howler monkeys
  3 crimson imps
  2 centaur zombies
  A bullfrog zombie (D:4)
  A quasit (D:8)
  2 centaur skeletons
  3 hounds
  An orc priest (D:3)
  10 orc wizards
  2 bullfrog skeletons
  Natasha (twice) (D:3)
  10 worker ants
  2 iguanas
  A hound zombie (D:8)
  A hound skeleton (D:7)
  2 worker ant zombies
  A howler monkey zombie (D:5)
  A howler monkey skeleton (D:11)
  24 gnolls
  22 adders
  A river rat (D:6)
  3 shadow imps
  2 adder zombies
  An adder skeleton (D:5)
  A worm (D:2)
  6 dart slugs
  5 leopard geckos
  40 orcs
  5 giant cockroaches
  6 goblins
  7 hobgoblins
  11 jackals
  8 quokkas
  9 ball pythons
  A ball python skeleton (D:4)
  6 bats
  4 frilled lizards
  12 kobolds
  9 rats
  A bush (Lair:4)
  A plant (Lair:4)
434 creatures vanquished.

Vanquished Creatures (others)
  A wizard (D:10)
  A black mamba (Lair:4)
  8 fungi
  7 plants
17 creatures vanquished.

Grand Total: 451 creatures vanquished

Notes
Turn   | Place    | Note
-------+----------+-------------------------------------------
     0 | D:1      | Murumi the Formicid Fighter began the quest for the Orb.
     0 | D:1      | Reached XP level 1. HP: 18/18 MP: 1/1
   159 | D:1      | Reached skill level 1 in Dodging
   191 | D:1      | Reached XP level 2. HP: 24/24 MP: 2/2
   241 | D:1      | Reached skill level 4 in Shields
   459 | D:1      | Reached XP level 3. HP: 29/29 MP: 3/3
  1369 | D:2      | Reached XP level 4. HP: 37/37 MP: 4/4
  1598 | D:2      | Found a bloodstained altar of Trog.
  1793 | D:2      | Found an opulent altar of Gozag.
  1913 | D:3      | Found a blossoming altar of Fedhas.
  1927 | D:3      | Reached XP level 5. HP: 41/42 MP: 5/5
  2066 | D:3      | Found a stormy altar of Qazlal.
  2188 | D:3      | Reached skill level 5 in Shields
  2558 | D:3      | Reached XP level 6. HP: 48/48 MP: 6/6
  2571 | D:3      | Noticed Natasha
  2574 | D:3      | Killed Natasha
  2796 | D:3      | Noticed Natasha
  2812 | D:3      | Killed Natasha
  3576 | D:4      | Found a staircase to the Ecumenical Temple.
  3585 | Temple   | Entered the Ecumenical Temple
  3597 | Temple   | Became a worshipper of Lugonu the Unformed
  3597 | Temple   | Reached * piety under Lugonu
  3715 | D:4      | Reached skill level 5 in Fighting
  3840 | D:4      | Reached skill level 1 in Invocations
  3891 | D:4      | Reached XP level 7. HP: 39/56 MP: 6/8
  4039 | D:4      | Found a shimmering altar of Xom.
  4081 | D:4      | Reached skill level 5 in Armour
  4525 | D:4      | Found a burning altar of Makhleb.
  4739 | D:5      | Entered Level 5 of the Dungeon
  5081 | D:5      | Reached skill level 6 in Shields
  5210 | D:5      | Noticed Menkaure
  5223 | D:5      | Killed Menkaure
  5223 | D:5      | Reached XP level 8. HP: 11/62 MP: 8/10
  5534 | D:5      | Reached ** piety under Lugonu
  6112 | D:6      | Found a runed translucent door.
  6112 | D:6      | Noticed hemabe's ghost (novice HuAr)
  6126 | D:6      | Found an ornate altar of the Wu Jian Council.
  6155 | D:6      | Reached skill level 7 in Shields
  6156 | D:6      | Found a glowing drain.
  6167 | Sewer    | Entered a sewer
  6246 | Sewer    | Noticed Purgy
  6265 | Sewer    | Killed Purgy
  6624 | D:6      | Reached skill level 5 in Long Blades
  6631 | D:6      | Reached XP level 9. HP: 46/69 MP: 12/12
  6979 | D:6      | Reached skill level 8 in Shields
  7146 | D:6      | Found a sacrificial altar of Ru.
  7159 | D:6      | Reached skill level 1 in Evocations
  7224 | D:6      | Reached *** piety under Lugonu
  7250 | D:6      | Found a snail-covered altar of Cheibriados.
  7342 | D:6      | Killed hemabe's ghost
  7448 | D:7      | Found a shadowy altar of Dithmenos.
  7515 | D:7      | Reached skill level 5 in Evocations
  7684 | D:7      | Found a shattered altar of Ashenzari.
  7840 | D:7      | Found a radiant altar of Vehumet.
  7870 | D:7      | Found Ejarug's Assorted Antiques.
  7876 | D:7      | Bought a scroll labeled FUTEETIOKO for 21 gold pieces
  7877 | D:7      | Bought a knobbly iron ring for 105 gold pieces
  8297 | D:8      | Found Hanuph's Antique Weapon Emporium.
  8307 | D:8      | Got a warped platinum amulet
  8308 | D:8      | Identified the amulet of Fallacy {RegenMP rElec MP+9 Dex-3
                  | Stlth+} (You found it on level 8 of the Dungeon)
  8373 | D:8      | Found Zin's Purification Station.
  8375 | D:8      | Found a glowing silver altar of Zin.
  8461 | D:8      | Found an iron altar of Okawaru.
  8511 | D:8      | Found Vikhlole's Armour Shop.
  8684 | D:8      | Noticed a hippogriff
  8692 | D:8      | Killed a hippogriff
  8692 | D:8      | Reached XP level 10. HP: 73/79 MP: 13/13
  9144 | D:8      | Reached skill level 9 in Shields
  9400 | D:8      | Identified a scroll of acquirement
  9401 | D:8      | Got a polished triple sword
  9402 | D:8      | Identified the +11 triple sword "Jaots" {flame, rC+ MR+++
                  | Int-4 SInv} (You acquired it on level 8 of the Dungeon)
  9553 | D:8      | Found Heorab's General Store.
  9586 | D:9      | Found a sparkling altar of Nemelex Xobeh.
  9928 | D:9      | Reached **** piety under Lugonu
 10309 | D:9      | Reached skill level 5 in Invocations
 10322 | D:9      | Found a staircase to the Lair.
 10521 | D:9      | Noticed a stone giant
 10531 | D:9      | Killed a stone giant
 10531 | D:9      | Reached XP level 11. HP: 45/90 MP: 14/14
 10820 | D:9      | Found a hazy altar of Hepliaklqana.
 10928 | D:9      | Reached skill level 10 in Fighting
 10980 | D:10     | Entered Level 10 of the Dungeon
 11038 | D:10     | Reached skill level 1 in Crossbows
 11196 | D:10     | Noticed a two-headed ogre
 11203 | D:10     | Killed a two-headed ogre
 11454 | D:10     | Noticed a wizard
 11460 | D:10     | Killed a wizard
 11460 | D:10     | Reached skill level 5 in Crossbows
 11485 | D:10     | Noticed a wizard
 11488 | D:10     | Noticed a wizard
 11491 | D:10     | Killed a wizard
 11491 | D:10     | Reached ***** piety under Lugonu
 11497 | D:10     | Killed a wizard
 11527 | D:10     | Noticed a wizard
 11530 | D:10     | Killed a wizard
 11539 | D:10     | Noticed a wizard
 11541 | D:10     | Killed a wizard
 11542 | D:10     | Noticed a wizard
 11543 | D:10     | Noticed a wizard
 11551 | D:10     | Killed a wizard
 11552 | D:10     | Killed a wizard
 11552 | D:10     | Reached XP level 12. HP: 69/97 MP: 15/15
 11658 | D:10     | Found the +3 warlock's mirror {reflect}
 11736 | D:10     | Noticed a wizard
 11747 | D:10     | Killed a wizard
 11763 | D:10     | Noticed a wizard
 11772 | D:10     | Killed a wizard
 11772 | D:10     | Reached skill level 10 in Shields
 12283 | D:11     | Found a staircase to the Orcish Mines.
 12590 | D:11     | Noticed Gastronok
 12608 | D:11     | Killed Gastronok
 13626 | Lair:1   | Entered Level 1 of the Lair of Beasts
 13861 | Lair:1   | Noticed Harold
 13874 | Lair:1   | Killed Harold
 13874 | Lair:1   | Reached XP level 13. HP: 66/103 MP: 17/17
 14968 | Lair:2   | Reached skill level 10 in Armour
 15612 | Lair:2   | Reached skill level 11 in Shields
 15771 | Lair:2   | Noticed a six-headed hydra
 15780 | Lair:2   | Killed a three-headed hydra
 16972 | Lair:3   | You fall into a shaft and drop 1 floor!
 16975 | Lair:4   | Found a staircase to the Snake Pit.
 17373 | Lair:4   | Reached skill level 12 in Shields
 19045 | Lair:4   | Noticed a six-headed hydra
 19050 | Lair:4   | Noticed a four-headed hydra
 19051 | Lair:4   | Killed a three-headed hydra
 19055 | Lair:4   | Killed a one-headed hydra
 19203 | Lair:4   | Found a staircase to the Swamp.
 19728 | Lair:5   | Noticed a four-headed hydra
 19734 | Lair:5   | Killed a one-headed hydra
 19734 | Lair:5   | Reached XP level 14. HP: 94/113 MP: 19/19
 20394 | Lair:5   | Reached skill level 10 in Long Blades
 20634 | Lair:5   | Found a runed translucent door.
 20634 | Lair:5   | Noticed Tuudo's ghost (journeyman DsFi)
 20654 | Lair:5   | Killed Tuudo's ghost
 20663 | Lair:5   | Reached skill level 14 in Shields
 20663 | Lair:5   | Reached XP level 15. HP: 80/118 MP: 20/20
 21068 | Lair:6   | Entered Level 6 of the Lair of Beasts
 21086 | Lair:6   | Reached skill level 10 in Crossbows
 21180 | Lair:6   | Slain by a five-headed hydra

Levels and vault maps discovered:
D:1:      lemuel_arrival_room, layout_loops_ring, minmay_tetromino_t4
D:2:      layout_rooms, nicolae_gozag_seed_capital, lemuel_crystal_altar
D:3:      layout_loops_ring, fedhas_ov_isle_minmay,
          lemuel_coloured_pillars_altar, hangedman_decor_growths, uniq_natasha
D:4:      layout_cave_pods, old_standard_altar, lemuel_doored_altar,
          minmay_temple_entry_antechambers, serial_bayou, serial_bayou_ford_a,
          serial_bayou_pond_b, serial_bayou_pond_c, serial_bayou_pond_e,
          first_ration, dk_noncrumbling_3, hangedman_decor_clover_reticule,
          minmay_misc_feat_chi, feat_on_display
D:5:      layout_loops_corners, uniq_menkaure
D:6:      layout_rooms, old_standard_altar, nicolae_ru_great_annihilating_truth,
          nicolae_overflow_hidden_temple, portal_sewer_entry_a,
          hellmonk_ghost_happy_afterlife
D:7:      layout_cave_pods, grunt_dithmenos_shadows, overflow_temple_1_default,
          kennysheep_mini_moat, serial_shops, shop
D:8:      layout_basic, zin_purify, okawaru_humans, serial_shops,
          nicolae_shop_crystal, nicolae_shop_trees, nicolae_shop_stone
D:9:      layout_gridville, kennysheep_mini, nemelex_xobeh_ov_fountains_minmay,
          lair_entry_dummy, blue_anna_alchemist [blue_anna_fruit_fields,
          blue_anna_fruit_fields], minmay_three_doors
D:10:     minmay_smoke_and_mirrors, layout_rooms, hangedman_decor_slide_cut
D:11:     minmay_general_purpose_star, layout_gridville, orc_david_3,
          moated_statue, uniq_gastronok
D:12:     layout_basic, serial_shops, nicolae_shop_behind_doors, uniq_maurice
Temple:   corrupted_temple
Lair:1:   layout_cave_pods, uniq_harold
Lair:2:   layout_gridlike, chequers_serial_rivers_micro_e,
          serial_bayou_lagoon_a, beast_lair_carwin_5
Lair:3:   layout_cave_pods
Lair:4:   layout_big_grid, palyth_hydra_swamp_entry,
          minmay_snake_entry_six_corridors, minmay_lair_oklob_bushes,
          minivault_26, pond
Lair:5:   layout_cave_pods, hellmonk_ghost_happy_afterlife
Lair:6:   evil_forest, layout_misc_corridors, slime_altar_2,
          gauntlet_entry_generic, lemuel_fruit_fields, grunt_megastairs_5,
          uniq_kirke

Skill      XL: |  1  2  3  4  5  6  7  8  9 10 11 12 13 14 15 |
---------------+----------------------------------------------+-----
Dodging        | 1 2 3 4 |  4.0
Shields        | 4 5 6 7 8 9 10 12 14 | 14.1
Long Blades    | 3 4 5 7 9 10 | 10.0
Fighting       | 4 5 6 7 9 10 11 | 11.0
Armour         | 4 5 6 8 9 11 | 11.0
Invocations    | 1 3 4 5 6 7 |  7.4
Evocations     | 5 6 |  6.0
Crossbows      | 7 9 10 | 10.3

Action                   |  1- 3 |  4- 6 |  7- 9 | 10-12 | 13-15 || total
-------------------------+-------+-------+-------+-------+-------++-------
Melee: Long sword        |    92 |   144 |   277 |       |       ||   513
       Great sword       |       |       |   123 |    71 |       ||   194
       Triple sword      |       |       |       |   215 |   281 ||   496
 Fire: Arbalest          |       |       |       |   125 |   154 ||   279
Throw: Stone             |    48 |    78 |    38 |       |       ||   164
       Boomerang         |    11 |    29 |    89 |    37 |       ||   166
       Throwing net      |       |       |     4 |     3 |       ||     7
       Javelin           |       |       |    59 |    37 |       ||    96
       Dart              |       |       |       |     2 |       ||     2
Invok: Banish            |       |       |       |       |     1 ||     1
 Abil: Dig               |       |     5 |     3 |     3 |     5 ||    16
  Use: Scroll            |     4 |     3 |    11 |     3 |     8 ||    29
       Potion            |       |       |     2 |     1 |     2 ||     5
 Stab: Held in net/web   |       |       |     2 |       |       ||     2
       Paralysed         |       |       |     1 |       |       ||     1
       Invisible         |       |       |       |       |     3 ||     3
  Eat: Chunk             |       |    10 |    14 |    18 |    10 ||    52
       Ration            |       |       |     1 |     2 |     4 ||     7
Armor: Scale mail        |    27 |    42 |     3 |       |       ||    72
       Plate armour      |       |       |   206 |   140 |   170 ||   516
Dodge: Dodged            |    27 |    51 |   129 |    98 |   113 ||   418
Block: Shield            |    53 |     8 |       |   164 |   277 ||   502
       Buckler           |       |    32 |   136 |    31 |       ||   199
       Reflection        |       |     1 |     3 |     5 |     5 ||    14
       Rpst.: Long sword |    11 |    12 |    28 |       |       ||    51
       Great sword       |       |       |    16 |     7 |       ||    23
       Triple sword      |       |       |       |    19 |    30 ||    49

Table legend:
 A = Non-vault XP
 B = Vault XP
 C = Vault XP percentage of total XP
 D = Non-vault monster count
 E = Vault monster count
 F = Vault count percentage of total count
                 A         B        C        D         E       F
            +---------+---------+-------+---------+---------+-------
      Total |   31138 |   23904 |  43.4 |     343 |      91 |  21.0
            +---------+---------+-------+---------+---------+-------
        D:1 |      62 |       4 |   6.1 |      28 |       3 |   9.7
        D:2 |      64 |       0 |   0.0 |      14 |       0 |   0.0
        D:3 |     232 |      37 |  13.8 |      26 |       1 |   3.7
        D:4 |     329 |       3 |   0.9 |      22 |       1 |   4.3
        D:5 |     387 |     172 |  30.8 |      27 |       1 |   3.6
        D:6 |    1253 |     617 |  33.0 |      29 |      10 |  25.6
        D:7 |     251 |     127 |  33.6 |      11 |       1 |   8.3
        D:8 |    1225 |     381 |  23.7 |      18 |       2 |  10.0
        D:9 |    2352 |    1837 |  43.9 |      30 |       4 |  11.8
       D:10 |    2128 |    6475 |  75.3 |      32 |      10 |  23.8
       D:11 |    4274 |    2728 |  39.0 |      30 |       9 |  23.1
     Lair:1 |    1611 |    1039 |  39.2 |       8 |       1 |  11.1
     Lair:2 |    5933 |    1177 |  16.6 |      24 |       5 |  17.2
     Lair:3 |    2114 |       0 |   0.0 |      13 |       0 |   0.0
     Lair:4 |    1374 |    6588 |  82.7 |       8 |      31 |  79.5
     Lair:5 |    4961 |    1274 |  20.4 |      14 |       1 |   6.7
     Lair:6 |    2588 |    1275 |  33.0 |       9 |       3 |  25.0
      Sewer |       0 |     170 | 100.0 |       0 |       8 | 100.0
            +---------+---------+-------+---------+---------+-------
